 Dungeon Crawl Stone Soup version 0.23-a0-607-g760965b7 (webtiles) character file.

179 Firecrotchwizard the Skirmisher (level 5, -3/47 HPs)
             Began as a Hill Orc Abyssal Knight on Dec 21, 2018.
             Was a Believer of Lugonu.
             Slain by an orc
             ... wielding a +0 flail
              (4 damage)
             ... on level 3 of the Dungeon.
             The game lasted 00:03:32 (2340 turns).

Firecrotchwizard the Skirmisher (HOAK)              Turns: 2340, Time: 00:03:32

Health: -3/47      AC:  8    Str: 16    XL:     5   Next: 59%
Magic:  7/7        EV:  9    Int: 12    God:    Lugonu [**....]
Gold:   109        SH:  0    Dex: 10    Spells: 4/4 levels left

rFire    . . .     SeeInvis .   a - +1 falchion
rCold    . . .     Gourm    .   (no shield)
rNeg     . . .     Faith    .   i - +0 scale mail
rPois    .         Spirit   .   (no helmet)
rElec    .         Reflect  .   (no cloak)
rCorr    .         Harm     .   (no gloves)
MR       .....                  j - +0 pair of boots
Stlth    ..........             (no amulet)
HPRegen  0.15/turn              (no ring)
MPRegen  0.10/turn              (no ring)

@: no status effects
A: no striking features
a: Depart the Abyss, Bend Space, Renounce Religion


You were on level 3 of the Dungeon.
You worshipped Lugonu.
Lugonu was pleased with you.
You were not hungry.

You visited 1 branch of the dungeon, and saw 3 of its levels.
You visited the Abyss 1 time.

You collected 109 gold pieces.

Inventory:

Hand Weapons
 a - a +1 falchion (weapon)
Armour
 b - a +0 leather armour
 d - a +0 chain mail
   (You found it on level 2 of the Dungeon)
 i - a +0 scale mail (worn)
   (You found it on level 1 of the Dungeon)
 j - a +0 pair of boots (worn)
   (You found it on level 1 of the Dungeon)
Scrolls
 e - a scroll of remove curse {unknown}
 f - a scroll of fog {unknown}
 g - 2 scrolls of identify {unknown}
 h - 3 scrolls of teleportation {unknown}
 m - a scroll of enchant weapon {unknown}
Potions
 l - a potion of heal wounds {unknown}
Comestibles
 c - 8 rations
 k - 4 chunks of flesh {@w0}


   Skills:
 + Level 4.6 Fighting
 * Level 4.2 Long Blades
 + Level 3.3 Armour
 - Level 0.7 Dodging
 + Level 3.9 Invocations


You had 4 spell levels left.
You didn't know any spells.
Your spell library was empty.

Dungeon Overview and Level Annotations

Branches:
Dungeon (3/15)

Altars:


Message History

You see here a stone.
You butcher the bat corpse.
k - 5 chunks of flesh {@w0} (gained 1)
Things that are here:
a stone; a bat skeleton
Things that are here:
a stone; a bat skeleton You are feeling hungry.
Things that are here:
a +0 dagger; 5 stones Autoeating chunks.
Eating one of 5 chunks of flesh {@w0}.
You eat one of the 5 chunks of flesh {@w0}.
You see here a stone.
Found an escape hatch in the ceiling.
A rat comes into view.
A kobold comes into view.
The rat bites you but does no damage.
You hit the rat.
You kill the rat!
Lugonu accepts your kill.
You see here a rat corpse.
You barely miss the kobold. The kobold hits you but does no damage.
You hit the kobold. The kobold hits you.
You take 3 damage, and have 44/47 hp.
You hit the kobold.
You kill the kobold!
Lugonu accepts your kill.
No target in view!
c - 8 rations (gained 1)
An orc comes into view.
Found a stone staircase leading up.
You see here a scroll labeled MIUX VUMOASH.
An orc is nearby!
m - a scroll labeled MIUX VUMOASH An orc priest comes into view.
It is wielding a +2 whip of holy wrath.
The orc priest shouts, "Surrender to Beogh and we'll let you live!" (press Y on the ability menu to convert to Beogh)
The orc priest shouts!
An orc comes into view. It is wielding a +0 flail.
The orc shouts!
An orc comes into view. It is wielding a +0 mace.
You hit the orc. The orc barely misses you.
You riposte.
Your scale mail prevents you from hitting the orc.
The orc hits you.
You take 2 damage, and have 43/47 hp.
You hit the orc. The orc hits you but does no damage.
You barely miss the orc.
The orc priest hits you but does no damage.
The orc closely misses you.
Here: an orc priest, wielding a +2 whip of holy wrath and wearing a +0 scale The floor.
Unknown command.
You barely miss the orc priest.
You hit the orc priest but do no damage.
The orc priest hits you with a +2 whip of holy wrath.
You take 2 damage, and have 42/47 hp.
You hit the orc priest. The orc hits you with a +0 mace.
The orc priest shouts, "Join the one true god or die!"
The orc priest hits you with a +2 whip of holy wrath.
The orc hits you but does no damage. x2
You take 3 damage, and have 39/47 hp.
You slash the orc priest!
The orc priest hits you with a +2 whip of holy wrath.
The orc completely misses you. The orc hits you but does no damage.
The orc closely misses you.
You riposte.
The orc priest shouts, "Surrender to Beogh and we'll let you live!"
You hit the orc but do no damage.
You take 2 damage, and have 37/47 hp.
The orc priest shouts, "Join the one true god or die!"
You hit the orc priest but do no damage.
The orc priest calls down the wrath of Beogh upon you.
Pain shoots through your body! The orc hits you but does no damage. x3
You take 14 damage, and have 23/47 hp.
MASSIVE DAMAGE!!
Your scale mail prevents you from hitting the orc priest.
The orc priest invokes the aid of Beogh against you.
Beogh smites you!
* * * LOW HITPOINT WARNING * * *
The orc hits you.
* * * LOW HITPOINT WARNING * * *
The orc hits you with a +0 mace.
* * * LOW HITPOINT WARNING * * *
The orc hits you but does no damage.
You take 20 damage, and have 3/47 hp.
MASSIVE DAMAGE!!
You hit the orc priest.
You kill the orc priest!
Lugonu accepts your kill. The orc completely misses you.
The orc closely misses you.
You riposte.
You barely miss the orc. The orc closely misses you.
You riposte.
You hit the orc. You hit the orc. The orc hits you but does no damage. x2
The orc hits you with a +0 flail.
* * * LOW HITPOINT WARNING * * *
You take 2 damage, and have 1/47 hp.
You barely miss the orc. The orc hits you but does no damage. x2
The orc barely misses you.
You riposte.
You closely miss the orc. The orc hits you with a +0 flail.
You die...

#. #.
########.##########
..................
#.....<..........
##..####..)o......
#.........@o..%...
####..........o......
#..............?...).
#......†.............
###..........#.#..#####
#......?.....#.#.....
#.....(......#.##.###
#............### ..
######.....$..# ###


You could see 3 orcs.

Vanquished Creatures
  An orc priest (D:3)
  Terence (D:2)
  Natasha (thrice) (D:2)
  4 dart slugs
  A leopard gecko (D:1)
  A giant cockroach (D:2)
  9 goblins
  3 hobgoblins
  3 jackals (D:2)
  A ball python (D:2)
  3 bats
  2 frilled lizards (D:2)
  8 kobolds
  4 rats
44 creatures vanquished.

Notes
Turn   | Place    | Note
-------+----------+-------------------------------------------
     0 | Abyss:1  | Firecrotchwizard the Hill Orc Abyssal Knight began the
                  | quest for the Orb.
     0 | Abyss:1  | Reached XP level 1. HP: 19/19 MP: 2/2
    26 | Abyss:1  | Noticed a small abomination
    27 | D:1      | Escaped the Abyss
   152 | D:1      | Reached * piety under Lugonu
   153 | D:1      | Reached XP level 2. HP: 9/27 MP: 4/4
   909 | D:2      | Reached XP level 3. HP: 32/33 MP: 5/5
   912 | D:2      | Noticed Natasha
   914 | D:2      | Reached skill level 3 in Long Blades
   927 | D:2      | Killed Natasha
   927 | D:2      | Reached skill level 4 in Fighting
   927 | D:2      | Reached skill level 3 in Invocations
   964 | D:2      | Noticed Natasha
  1150 | D:2      | Killed Natasha
  1150 | D:2      | Reached XP level 4. HP: 11/40 MP: 6/6
  1346 | D:2      | Noticed Natasha
  1373 | D:2      | Killed Natasha
  1373 | D:2      | Reached skill level 3 in Armour
  1658 | D:2      | Noticed Terence
  1687 | D:2      | Killed Terence
  1687 | D:2      | Reached skill level 4 in Long Blades
  1687 | D:2      | Reached XP level 5. HP: 46/47 MP: 7/7
  2249 | D:3      | Reached ** piety under Lugonu
  2337 | D:3      | HP: 8/47 [orc priest/divine providence (16)]
  2337 | D:3      | HP: 3/47 [orc/+0 mace (2)]
  2339 | D:3      | HP: 1/47 [orc/+0 flail (2)]
  2340 | D:3      | Slain by an orc

Vault maps used:
D:1:      dpeg_arrival_stonehenge_8_columns, minivault_11
D:2:      roderic_st_hans_cross, uniq_natasha, uniq_terence
D:3:      lemuel_coloured_pillars_altar, supply_closet_lemuel

Skill      XL: |  1  2  3  4 |
---------------+-------------+-----
Long Blades    | 3 4 |  4.2
Fighting       | 4 |  4.6
Invocations    | 3 |  3.9
Armour         | 3 |  3.3
Dodging        | |  0.7

Action                   |  1- 3 |  4- 6 || total
-------------------------+-------+-------++-------
Melee: Falchion          |    60 |    84 ||   144
Invok: Depart the Abyss  |     1 |       ||     1
  Eat: Chunk             |     1 |     4 ||     5
Armor: Leather armour    |     6 |       ||     6
       Scale mail        |    24 |    48 ||    72
Dodge: Dodged            |    31 |    45 ||    76
       Rpst.: Falchion   |     7 |    14 ||    21

Table legend:
 A = Non-vault XP
 B = Vault XP
 C = Vault XP percentage of total XP
 D = Non-vault monster count
 E = Vault monster count
 F = Vault count percentage of total count
                 A         B        C        D         E       F
            +---------+---------+-------+---------+---------+-------
      Total |     186 |      71 |  27.6 |      42 |       2 |   4.5
            +---------+---------+-------+---------+---------+-------
        D:1 |      32 |       0 |   0.0 |      14 |       0 |   0.0
        D:2 |      94 |      71 |  43.0 |      18 |       2 |  10.0
        D:3 |      60 |       0 |   0.0 |      10 |       0 |   0.0
            +---------+---------+-------+---------+---------+-------

Vault maps used:
D:1:      dpeg_arrival_stonehenge_8_columns, minivault_11
D:2:      roderic_st_hans_cross, uniq_natasha, uniq_terence
D:3:      lemuel_coloured_pillars_altar, supply_closet_lemuel

Table legend:
 A = Turns spent in this place as a percentage of turns spent in the entire game.
 B = Non-inter-level travel turns spent in this place as a percentage of non-inter-level travel turns spent in the entire game.
 C = Inter-level travel turns spent in this place as a percentage of turns spent in this place.
 D = Turns resting spent in this place as a percentage of non-inter-level travel turns spent in this place.
 E = Turns spent auto-exploring this place as a percentage of non-inter-level travel turns spent in this place.
 F = Non-inter-level travel turns spent in this place divided by the number of levels of this place that you've seen.
                   A       B       C       D       E      F
               +-------+-------+-------+-------+-------+----------------------
         Total | 100.0 | 100.0 |   1.0 |  40.8 |  45.4 | 579.0
       Dungeon |  98.8 |  98.8 |   1.0 |  41.2 |  44.8 | 763.0
         Abyss |   1.2 |   1.2 |   0.0 |   0.0 |  96.3 |  27.0
               +-------+-------+-------+-------+-------+----------------------

Table legend:
 A = Kills in this place as a percentage of kills in entire the game.
 B = Kills by you in this place as a percentage of kills by you in the entire game.
 C = Kills by friends in this place as a percentage of kills by friends in the entire game.
 D = Other kills in this place as a percentage of other kills in the entire game.
 E = Experience gained in this place as a percentage of experience gained in the entire game.
 F = Experience gained in this place divided by the number of levels of this place that you have seen.
                   A       B       C       D       E      F
               +-------+-------+-------+-------+-------+----------------------
         Total | 100.0 | 100.0 |   N/A |   N/A | 100.0 |  64.2
       Dungeon | 100.0 | 100.0 |   N/A |   N/A | 100.0 |  85.7
               +-------+-------+-------+-------+-------+----------------------
